 Dungeon Crawl Stone Soup version 0.30.0-30-g96aa6591b8 (webtiles) character file.

Game seed: 11308580149921260848

138 croobank the Sneak (level 5, -5/32 HPs)
             Began as an Octopode Fire Elementalist on June 27, 2023.
             Slain by an orc
             ... wielding a +0 hand axe
              (7 damage)
             ... on level 3 of the Dungeon.
             The game lasted 00:04:48 (1969 turns).

croobank the Sneak (Octopode Fire Elementalist)     Turns: 1969, Time: 00:04:49

Health: -5/32      AC:  3    Str:  7    XL:     5   Next: 21%
Magic:  18/18      EV: 13    Int: 20    God:
Gold:   139        SH:  0    Dex: 12    Spells: 3/9 levels left

rFire   . . .        h - +2 short sword (elec)
rCold   . . .        (no shield)
rNeg    . . .        o - +2 hat
rPois   .            (no amulet)
rElec   .            p - ring of magical power
rCorr   .            (no ring)
SInv    .            (no ring)
Will    .....        (no ring)
Stlth   +++          (no ring)
HPRegen 0.25/turn    (no ring)
MPRegen 0.16/turn    (no ring)
                     (no ring)

%: no passive effects
@: no status effects
A: almost no armour, amphibious, 8 rings, camouflage 1, gelatinous body 1,
(nimble swimmer 1), tentacles
a: no special abilities


You were on level 3 of the Dungeon.
You visited 1 branch of the dungeon, and saw 4 of its levels.

You collected 139 gold pieces.

Inventory:

Hand Weapons
 b - a +0 sling
 e - a +0 dagger
 h - a +2 short sword of electrocution (weapon)
 n - a +0 falchion
Missiles
 d - 6 poisoned darts
Armour
 o - a +2 hat (worn)
Jewellery
 p - a ring of magical power (left tentacle)
Scrolls
 c - a scroll of identify {unknown}
 k - a scroll of fear {unknown}
 l - a scroll of amnesia {unknown}
 m - a scroll of brand weapon {unknown}
Potions
 f - a potion of heal wounds {unknown}
 g - 2 potions of curing {unknown}
 i - a potion of flight {unknown}
 j - a potion of lignification {unknown}


   Skills:
 * Level 0.7 Fighting
 + Level 2.9 Dodging
 + Level 4.0 Stealth
 + Level 2.7 Spellcasting
 + Level 2.2 Conjurations
 + Level 3.6 Fire Magic


You had 3 spell levels left.
You knew the following spells:

 Your Spells              Type           Power      Damage    Failure   Level
a - Foxfire               Conj/Fire      56%        2x1d6     4%          1
b - Scorch                Fire           34%        2d6       4%          2
c - Inner Flame           Hex/Fire       9%         N/A       22%         3

Your spell library contained the following spells:

 Spells                   Type           Power      Damage    Failure   Level
 Volatile Blastmotes      Fire/Tloc      18%        2d11      22%         3
 Hailstorm                Conj/Ice       7%         3d4       28%         3
 Flame Wave               Conj/Fire      14%        2d6       41%         4
 Ice Form                 Ice/Tmut       2%         N/A       82%         4
 Simulacrum               Ice/Necr       1%         N/A       100%        6


Dungeon Overview and Level Annotations

Branches:
Dungeon (4/15)
 Temple: D:4-7

Altars:
Makhleb


Innate Abilities, Weirdness & Mutations

You cannot wear most types of armour.
You are amphibious.
You can wear up to eight rings at the same time.
Your skin changes colour to match your surroundings (Stealth+).
Your rubbery body absorbs attacks. (AC +1, EV +1)
((You are camouflaged when in or above water. (Stealth+)))
You have tentacles for arms and can constrict up to eight enemies at once.


Message History

Confirm with . or Enter, or press ? or * to list all spells.
Flames lash the orc.
The orc is heavily wounded.
The orc's fire resistance burns away.
The orc priest closely misses you.
There are monsters nearby!
You barely miss the orc priest. You grab the orc priest.
The orc priest is moderately wounded.
You constrict the orc priest. The orc hits you with a +0 hand axe!
The orc priest hits you with a +0 whip. The orc misses you.
You hit the orc priest.
The orc priest is heavily wounded.
You constrict the orc priest.
The orc priest is no longer more vulnerable to fire.
The orc misses you. The orc priest completely misses you. The orc misses you.
You hit the orc priest. Your squeeze misses the orc priest.
The orc priest is almost dead.
You constrict the orc priest.
The orc is no longer more vulnerable to fire.
The orc hits you with a +0 hand axe. The orc priest closely misses you.
The orc barely misses you.
You barely miss the orc priest.
The orc priest is almost dead.
You constrict the orc priest.
You kill the orc priest!
The orc completely misses you.
The orc hits you from afar with a +0 trident!
* * * LOW HITPOINT WARNING * * *
Your Stealth skill increases to level 4!
You have reached level 5!
You feel clever.
Casting: Scorch (safe; 4% risk of failure)
Confirm with . or Enter, or press ? or * to list all spells.
Flames lash the orc.
The orc is heavily wounded.
The orc's fire resistance burns away.
The orc hits you with a +0 hand axe.
* * * LOW HITPOINT WARNING * * *
The orc hits you from afar with a +0 trident.
* * * LOW HITPOINT WARNING * * *
Magic courses through your body. The orc hits you with a +0 hand axe!
You die...

##'#######
#........# # #
#........# ..#.
#........#
#...####.#.#....#
##........_.....#
.........#.#....#
................#
.......@......###
####..#)oo....#
##.........#
#....>....#
#........##
#........#
#........#
#........#


You could see 2 orcs.

Vanquished Creatures
  A scorpion (D:4)
  An orc priest (D:3)
  An adder (D:2)
  2 dart slugs
  An orc (D:3)
  3 ball pythons
  5 bats
  5 endoplasms
  4 goblins
  3 hobgoblins
  3 jackals (D:2)
  A quokka (D:1)
  2 frilled lizards
  3 kobolds
  5 rats
40 creatures vanquished.

Vanquished Creatures (others)
  68 foxfires
68 creatures vanquished.

Grand Total: 108 creatures vanquished

Notes
Turn   | Place    | Note
-------+----------+-------------------------------------------
     0 | D:1      | croobank the Octopode Fire Elementalist began the quest for
                  | the Orb.
     0 | D:1      | Reached XP level 1. HP: 11/11 MP: 3/3
     6 | D:1      | Noticed an imperial myrmidon
     6 | D:1      | Noticed a komodo dragon
     7 | D:1      | Noticed a yaktaur
   235 | D:1      | Reached XP level 2. HP: 17/17 MP: 3/5
   238 | D:1      | Learned a level 2 spell: Scorch
   333 | D:1      | Reached skill level 3 in Stealth
   944 | D:2      | Reached XP level 3. HP: 21/21 MP: 2/6
   951 | D:2      | Learned a level 3 spell: Inner Flame
  1589 | D:2      | You fall into a shaft and drop 2 floors!
  1602 | D:4      | Noticed a scorpion
  1610 | D:4      | Killed a scorpion
  1611 | D:4      | Reached XP level 4. HP: 27/27 MP: 1/7
  1949 | D:3      | Found a burning altar of Makhleb.
  1968 | D:3      | Reached skill level 4 in Stealth
  1968 | D:3      | Reached XP level 5. HP: 9/32 MP: 2/9
  1969 | D:3      | Slain by an orc

Illustrated notes

Levels and vault maps discovered:
D:1:      onia_arrival_zoo_common, layout_basic
D:2:      layout_basic, minmay_misc_feat_roman
D:3:      layout_basic, nicolae_uskayaw_murder_on_the_dancefloor,
          lemuel_crystal_altar, nzn_hepliaklqana_mist_gate,
          basic_ecumenical_altar, minmay_misc_feat_rugged,
          kennysheep_pointless_box
D:4:      layout_loops_ring, nemelex_xobeh_ov_fountains_minmay

Skill      XL: |  1  2  3  4 |
---------------+-------------+-----
Stealth        | 3 4 |  4.0
Conjurations   | 2 |  2.2
Fighting       | |  0.7
Dodging        | |  2.9
Spellcasting   | |  2.7
Fire Magic     | |  3.6

Action                     |  1- 3 |  4- 6 || total
---------------------------+-------+-------++-------
  Melee: Dagger            |    14 |       ||    14
         Constrict         |     5 |     1 ||     6
         Tentacles         |     3 |       ||     3
         Short sword       |     9 |     6 ||    15
   Cast: Foxfire           |    32 |     6 ||    38
         Scorch            |     5 |     7 ||    12
    Use: Potion            |       |     1 ||     1
   Stab: Sleeping          |     5 |       ||     5
 Armour: Skin              |     1 |       ||     1
  Dodge: Dodged            |    16 |    11 ||    27
